 Dungeon Crawl Stone Soup version 0.26-a0-264-g3a471323bd (webtiles) character file.

Game seed: 2140452071037005654

37 BritishOli the Skirmisher (level 3, 0/29 HPs)
             Began as a Demonspawn Fighter on July 11, 2020.
             Succumbed to an adder's poison
             ... on level 2 of the Dungeon.
             The game lasted 00:01:18 (1366 turns).

BritishOli the Skirmisher (Demonspawn Fighter)      Turns: 1366, Time: 00:01:18

Health: 0/29       AC:  6    Str: 17    XL:     3   Next: 21%
Magic:  3/3        EV:  7    Int:  9    God:
Gold:   58         SH: 13    Dex: 12    Spells: 2/2 levels left

rFire    . . .     SeeInvis .   a - +0 long sword
rCold    . . .     Faith    .   c - +0 kite shield
rNeg     . . .     Spirit   .   b - +0 scale mail
rPois    .         Reflect  .   (helmet restricted)
rElec    .         Harm     .   (no cloak)
rCorr    .                      (no gloves)
MR       .....                  (no boots)
Stlth    ..........             (no amulet)
HPRegen  0.09/turn              (no ring)
MPRegen  0.08/turn              (no ring)

@: brilliant, lethally poisoned (0 -> -6)
A: antennae 1, large bone plates 1
a: no special abilities


You were on level 2 of the Dungeon.
You were not hungry.

You visited 1 branch of the dungeon, and saw 2 of its levels.

You collected 58 gold pieces.

Inventory:

Hand Weapons
 a - a +0 long sword (weapon)
Armour
 b - a +0 scale mail (worn)
 c - a +0 kite shield (worn)
Scrolls
 g - a scroll of teleportation {unknown}
 h - a scroll of noise {unknown}
 i - 2 scrolls of remove curse {unknown}
 j - a scroll of blinking {unknown}
 k - 2 scrolls of immolation {unknown}
Potions
 d - a potion of might
Comestibles
 f - a ration


   Skills:
 + Level 3.4 Fighting
 + Level 2.1 Long Blades
 + Level 3.1 Armour
 + Level 3.0 Shields


You had 2 spell levels left.
You didn't know any spells.
Your spell library was empty.

Dungeon Overview and Level Annotations

Branches:
Dungeon (2/15)

Altars:


Innate Abilities, Weirdness & Mutations

You have a pair of small antennae on your head.
You are partially covered in large bone plates. (SH +4)


Message History

You block the adder's attack.
Unknown command.
Your shield and scale mail prevent you from hitting the adder.
The adder is heavily wounded.
* * * LOW HITPOINT WARNING * * *
You feel sick. You block the adder's attack. The adder barely misses you.
You riposte.
You miss the adder.
The adder is moderately wounded.
Quiver which item? (- for none, * to show all) (? for menu, Esc to quit)
Okay, then.
It was a potion of brilliance.
You feel clever all of a sudden.
* * * LOW HITPOINT WARNING * * *
You feel sick. You block the adder's attack.
You miss the adder.
The adder is moderately wounded.
The adder bites you but does no damage. You block the adder's attack.
You closely miss the adder.
The adder is moderately wounded.
You die...

#.##...........
#.........#....
#.##...#### #
#.......#####.
#.##........(.#
# #..#.#####.#
#..#.#
.#######..#.#
......S@%.#.#
########.##..
#.#### ###


You could see an adder.

Vanquished Creatures
  An ooze (D:1)
  2 dart slugs (D:1)
  2 giant cockroaches
  3 goblins (D:1)
  2 hobgoblins (D:1)
  4 jackals (D:1)
  3 kobolds (D:1)
  3 bats (D:1)
  3 frilled lizards (D:1)
  6 rats (D:1)
29 creatures vanquished.

Notes
Turn   | Place    | Note
-------+----------+-------------------------------------------
     0 | D:1      | BritishOli the Demonspawn Fighter began the quest for the
                  | Orb.
     0 | D:1      | Reached XP level 1. HP: 18/18 MP: 1/1
   226 | D:1      | Gained mutation: You are partially covered in large bone
                  | plates. (SH +4) [demonic ancestry]
   226 | D:1      | Reached XP level 2. HP: 24/24 MP: 2/2
   972 | D:1      | Gained mutation: You have a pair of small antennae on your
                  | head. [demonic ancestry]
   972 | D:1      | Reached XP level 3. HP: 25/29 MP: 3/3
  1364 | D:2      | HP: 1/29 [poisoned by an adder]
  1366 | D:2      | Succumbed to an adder's poison

Illustrated notes

Levels and vault maps discovered:
D:1:      tarquinn_simple_flora_water_f, layout_basic
D:2:      layout_basic, minmay_misc_feat_rugged, lightli_corner_chamber

Skill      XL: |  1  2 |
---------------+-------+-----
Armour         | 3 |  3.1
Long Blades    | 2 |  2.1
Shields        | 3 |  3.0
Fighting       | |  3.4

Action                   || total
-------------------------++-------
Melee: Long sword        ||   105
  Use: Potion            ||     1
  Eat: Ration            ||     1
Armor: Scale mail        ||    34
Dodge: Dodged            ||    33
Block: Kite shield       ||    92
       Rpst.: Long sword ||    13

Table legend:
 A = Non-vault XP
 B = Vault XP
 C = Vault XP percentage of total XP
 D = Non-vault monster count
 E = Vault monster count
 F = Vault count percentage of total count
                 A         B        C        D         E       F
            +---------+---------+-------+---------+---------+-------
      Total |      53 |       0 |   0.0 |      29 |       0 |   0.0
            +---------+---------+-------+---------+---------+-------
        D:1 |      51 |       0 |   0.0 |      28 |       0 |   0.0
        D:2 |       2 |       0 |   0.0 |       1 |       0 |   0.0
            +---------+---------+-------+---------+---------+-------
